 Dungeon Crawl Stone Soup version 0.27-a0-1196-g3e9cee4cb2 (webtiles) character file.

Game seed: 12190626258529645032

183 brokenspeciesscreen the Skirmisher (level 5, -11/39 HPs)
             Began as an Octopode Chaos Knight on May 27, 2021.
             Was a Plaything of Xom.
             Mangled by an ogre
             ... wielding a +0 giant club
              (34 damage)
             ... on level 5 of the Dungeon.
             The game lasted 00:06:19 (4043 turns).

brokenspeciesscreen the Skirmisher (OpCK)           Turns: 4043, Time: 00:06:19

Health: -11/39     AC:  1    Str: 12    XL:     5   Next: 62%
Magic:  5/5        EV: 13    Int: 15    God:    Xom [..*...]
Gold:   2186       SH:  0    Dex:  9    Spells: 1/4 levels left

rFire    . . .     SeeInvis .   a - +0 spear (chaos)
rCold    . . .     Faith    .   (no shield)
rNeg     . . .     Spirit   .   (helmet restricted)
rPois    .         Reflect  .   c - amulet of magic regeneration
rElec    .         Harm     .   (no ring)
rCorr    .         Rampage  .   (no ring)
Will     +....     Clarity  +   (no ring)
Stlth    ++........             (no ring)
HPRegen  0.13/turn              (no ring)
MPRegen  0.34/turn              (no ring)
                                (no ring)
                                (no ring)

@: unable to read
A: almost no armour, amphibious, 8 rings, camouflage 1, gelatinous body 1,
(nimble swimmer 1), tentacles, clarity, clumsy 1, strong-willed 1, sense
surroundings 1, inability to read while threatened
a: Renounce Religion


You were on level 5 of the Dungeon.
You worshipped Xom.
You were a toy of Xom.
You visited 1 branch of the dungeon, and saw 5 of its levels.

You collected 2186 gold pieces.

Inventory:

Hand Weapons
 a - a +0 spear of chaos (weapon)
 e - a +1 vampiric dagger
 k - a +0 hunting sling
 o - a +0 great sword
 p - a +0 dagger of protection
Missiles
 d - 71 stones
 f - 16 poisoned darts (quivered)
 g - 22 arrows
 m - 11 sling bullets
 n - 8 javelins
 s - 8 boomerangs
Jewellery
 c - an amulet of magic regeneration (around mantle)
Scrolls
 h - 2 scrolls of enchant armour
 i - 2 scrolls of noise
 l - a scroll of teleportation {@r3}
 q - a scroll of magic mapping {@r5}
Potions
 b - a potion of heal wounds {@q2}
 r - a potion of curing {@q1}
 t - a potion of cancellation {unknown}


   Skills:
 * Level 5.3 Fighting
 - Level 3.0 Polearms
 + Level 3.8 Dodging


You had one spell level left.
You knew the following spells:

 Your Spells              Type           Power      Damage    Failure   Level
a - Swiftness             Air            0%         N/A       63%         3

Your spell library contained the following spells:

 Spells                   Type           Power      Damage    Failure   Level
 Shock                    Conj/Air       0%         1d3       26%         1
 Static Discharge         Conj/Air       0%         N/A       38%         2
 Airstrike                Air            0%         N/A       95%         4
 Lightning Bolt           Conj/Air       0%         1d11      100%        5


Dungeon Overview and Level Annotations

Branches:
Dungeon (5/15)
 Temple: D:4-7

Altars:
Dithmenos
Ru

Annotations:
D:4 Duvessa


Innate Abilities, Weirdness & Mutations

You cannot wear most types of armour.
You are amphibious.
You can wear up to eight rings at the same time.
Your skin changes colour to match your surroundings (Stealth+).
Your rubbery body absorbs attacks. (AC +1, EV +1)
((You are camouflaged near water. (Stealth+)))
You have tentacles for arms and can constrict up to eight enemies at once.
You possess an exceptional clarity of mind.
You are clumsy. (Dex -2)
You are strong-willed. (Will+)
You passively map a small area around you.
You sometimes lose the ability to read scrolls when taking damage.


Message History

You barely miss the worm. You constrict the worm.
You hit the worm but do no damage. You constrict the worm.
You kill the worm!
HP restored.
Found a whip.
A howler monkey skeleton comes into view.
You hit the howler monkey skeleton but do no damage.
You grab the howler monkey skeleton. You squeeze the howler monkey skeleton!
You constrict the howler monkey skeleton.
The howler monkey skeleton hits you.
You barely miss the howler monkey skeleton.
You squeeze the howler monkey skeleton.
You constrict the howler monkey skeleton.
The howler monkey skeleton hits you.
You hit the howler monkey skeleton.
You constrict the howler monkey skeleton.
You destroy the howler monkey skeleton!
No target in view! "This place needs a little more atmosphere."
You are now a toy of Xom.
Found a shadowy altar of Dithmenos.
An ogre comes into view. It is wielding a +0 giant club.
An ogre is nearby!
The ogre shouts!
Throw: 18 darts (poison)
Aim: an ogre, wielding a +0 giant club (72% to hit)
You throw a poisoned dart. The poisoned dart hits the ogre.
The ogre is poisoned.
Throw: 17 darts (poison)
Aim: an ogre, wielding a +0 giant club (black smoke, poisoned, 72% to hit)
You throw a poisoned dart. The poisoned dart hits the ogre.
The ogre looks even sicker.
You hit the ogre but do no damage. The ogre closely misses you.
You hit the ogre but do no damage. The ogre hits you with a +0 giant club!
You hit the ogre but do no damage.
The ogre suddenly seems more agile.
The ogre hits you with a +0 giant club!!
You feel threatened and lose the ability to read scrolls!
Ouch! That really hurt!
You die...
Xom guffaws!

#.#* #§§§§§§.## * #..#
###§§§§.§§..#. #..#
#.§.§§........* *#.##
#..§...§......
#..######.§§..§.§....
##...##....#§.§§.(.§§#
##..........##§§§§§§§#
#...........###§O§..#
#...........# ##@..##
...................#
##..........########
##..)##...##
##########


You could see an ogre (agile, very poisoned).

Vanquished Creatures
  A scorpion (D:3)
  3 adders (D:3)
  A howler monkey skeleton (D:5)
  3 worms
  2 dart slugs
  9 orcs
  6 bats
  2 endoplasms (D:1)
  6 giant cockroaches
  9 hobgoblins
  4 jackals (D:1)
  A quokka (D:3)
  5 ball pythons
  A frilled lizard (D:2)
  2 goblins
  6 kobolds
  4 rats
65 creatures vanquished.

Vanquished Creatures (collateral kills)
  A hobgoblin (D:1)
1 creature vanquished.

Vanquished Creatures (others)
  4 demonic plants (D:1)
  2 fungi (D:1)
  3 plants (D:1)
  2 withered plants (D:1)
11 creatures vanquished.

Grand Total: 77 creatures vanquished

Notes
Turn   | Place    | Note
-------+----------+-------------------------------------------
     0 | D:1      | brokenspeciesscreen the Octopode Chaos Knight began the
                  | quest for the Orb.
     0 | D:1      | Reached XP level 1. HP: 16/16 MP: 1/1
    94 | D:1      | XOM: divination: magic mapping
   270 | D:1      | Reached XP level 2. HP: 21/21 MP: 2/2
   441 | D:1      | Found a faded altar of an unknown god.
   517 | D:1      | Noticed a shapeshifter
   517 | D:1      | a jackal changed into a shapeshifter
   517 | D:1      | Noticed a polar bear
   517 | D:1      | a shapeshifter changed into a polar bear
   525 | D:1      | XOM: summons 2 friendly demons
   550 | D:1      | Reached XP level 3. HP: 3/27 MP: 3/3
   550 | D:1      | Noticed a raiju
   809 | D:1      | XOM: 1-stop teleportation journey
   809 | D:1      | Noticed a guardian serpent
   810 | D:1      | Noticed a manticore
   810 | D:1      | a guardian serpent changed into a manticore
  1112 | D:2      | Reached skill level 4 in Fighting
  1149 | D:2      | XOM: 4-stop teleportation journey
  1251 | D:2      | XOM: 2-stop teleportation journey
  1441 | D:2      | XOM: stat loss: -1 Dex (10/11)
  1810 | D:2      | XOM: give mutations
  1810 | D:2      | Gained mutation: You sometimes lose the ability to read
                  | scrolls when taking damage. [Xom's mischief]
  1810 | D:2      | Gained mutation: You are clumsy. (Dex -2) [Xom's mischief]
  2370 | D:3      | Noticed a scorpion
  2376 | D:3      | XOM: divination: detect items
  2384 | D:3      | Killed a scorpion
  2385 | D:3      | Reached XP level 4. HP: 13/34 MP: 4/4
  2709 | D:3      | XOM: cast spell 'Shadow Creatures'
  2788 | D:3      | Reached XP level 5. HP: 35/38 MP: 5/5
  3048 | D:3      | XOM: scenery: summon butterflies
  3095 | D:3      | Reached skill level 5 in Fighting
  3122 | D:3      | XOM: god gift: 1157 gold pieces
  3450 | D:3      | Learned a level 3 spell: Swiftness
  3597 | D:3      | XOM: give mutations
  3597 | D:3      | Gained mutation: You passively map a small area around you.
                  | [Xom's grace]
  3597 | D:3      | Gained mutation: You are strong-willed. (Will+) [Xom's
                  | grace]
  3597 | D:3      | Gained mutation: You possess an exceptional clarity of
                  | mind. [Xom's grace]
  3648 | D:3      | XOM: god gift: 888 gold pieces
  3845 | D:4      | Noticed Duvessa
  3851 | D:4      | Noticed Duvessa
  3851 | D:4      | Duvessa changed into Duvessa the naga
  3851 | D:4      | XOM: polymorph Duvessa -> Duvessa the naga
  3879 | D:5      | Entered Level 5 of the Dungeon
  3909 | D:5      | Found a sacrificial altar of Ru.
  4029 | D:5      | XOM: cloud trail
  4030 | D:5      | Found a shadowy altar of Dithmenos.
  4037 | D:5      | Noticed an ogre
  4043 | D:5      | Mangled by an ogre

Illustrated notes

Levels and vault maps discovered:
D:1:      dpeg_arrival_refuge, layout_loops_ring, shapermc_ecumenical_altar_gd,
          st_stairs_11
D:2:      layout_basic
D:3:      layout_basic
D:4:      layout_basic, uniq_duvessa
D:5:      cheibrodos_fertilizer, layout_rooms, nicolae_dithmenos_the_darkroom,
          nicolae_ru_path_of_blood, uniq_pikel

Skill      XL: |  1  2  3  4  5 |
---------------+----------------+-----
Fighting       | 4 5 |  5.3
Dodging        | 3 |  3.8
Polearms       | |  3.0

Action                   |  1- 3 |  4- 6 || total
-------------------------+-------+-------++-------
Melee: Spear             |    90 |    76 ||   166
       Constrict         |    24 |    13 ||    37
       Tentacles         |    12 |    11 ||    23
Throw: Dart              |     2 |     7 ||     9
  Use: Scroll            |     5 |     2 ||     7
       Potion            |     1 |       ||     1
 Stab: Sleeping          |     4 |     3 ||     7
       Distracted        |     2 |       ||     2
       Paralysed         |     1 |       ||     1
Armor: Skin              |     9 |     1 ||    10
Dodge: Dodged            |    42 |    30 ||    72

Table legend: (Time is in decaauts)
 A = Elapsed time spent in this place.
 B = Non-inter-level travel time spent in this place.
 C = Inter-level travel time spent in this place.
 D = Time resting spent in this place.
 E = Time spent auto-exploring this place.
 F = Levels seen in this place.
 G = Mean time per level.
                   A        B        C        D        E       F      G
               +--------+--------+--------+--------+--------+-----+--------+
         Total |   4034 |   3889 |    145 |   1088 |   2093 |   5 |  806.8 |
       Dungeon |   4034 |   3889 |    145 |   1088 |   2093 |   5 |  806.8 |
               +--------+--------+--------+--------+--------+-----+--------+

Top non-repeatable levels by time:
     D:3: 1436 daAuts
     D:2: 1434 daAuts
     D:1: 896 daAuts
     D:5: 163 daAuts
     D:4: 104 daAuts
